 Dungeon Crawl Stone Soup version 0.31.0-11-ge490571c62 (webtiles) character file.

Game seed: 4181859747608721898

196 ezpacito the Chopper (level 5, -2/63 HPs)
             Began as a Demonspawn Berserker on Feb 1, 2024.
             Was a Priest of Trog.
             Incinerated by a bombardier beetle (8 damage)
             ... with a burning spray
             ... on level 3 of the Dungeon.
             The game lasted 00:04:45 (3309 turns).

ezpacito the Chopper (Demonspawn Berserker)         Turns: 3309, Time: 00:04:45

Health: -2/63      AC: 22    Str: 23    XL:     5   Next: 46%
Magic:  14/14      EV:  2    Int:  5    God:    Trog [***...]
Gold:   85         SH:  0    Dex: 16    Spells: 4/4 levels left

rFire   . . .        a - +0 hand axe
rCold   + . .        (no shield)
rNeg    + . .        s - melded +0 ring mail
rPois   +            t - melded +0 helmet
rElec   .            (cloak currently unavailable)
rCorr   .            (gloves currently unavailable)
SInv    .            d - melded +0 pair of boots
Will    .....        (no amulet)
Stlth   +            g - +6 ring of strength
HPRegen 0.30/turn    x - ring of Cahulai {rC+ rN+ MP+9 Int-3}
MPRegen 0.14/turn

%: no passive effects
@: on fire, tree-form, on berserk cooldown, slowed, glowing, very slow
A: stationary, stasis, torment immunity, boosted hp, thin skeletal structure 1,
icemail 1, condensation shield
a: Renounce Religion, Berserk, Trog's Hand


You were on level 3 of the Dungeon.
You worshipped Trog.
Trog was most pleased with you.
You were a tree.
You visited 1 branch of the dungeon, and saw 3 of its levels.

You collected 85 gold pieces.

Inventory:

Hand Weapons
 a - a +0 hand axe (weapon)
Missiles
 e - 2 poisoned darts (quivered)
 f - 43 stones
 j - 3 throwing nets
Armour
 d - a +0 pair of boots (melded)
 s - a +0 ring mail (melded)
 t - a +0 helmet (melded)
Jewellery
 g - a +6 ring of strength (left branch)
 l - a ring of wizardry
 w - a ring of see invisible
 x - the ring of Cahulai (right branch) {rC+ rN+ MP+9 Int-3}
   (You found it on level 3 of the Dungeon)

   [ring of magical power]

   Int-3:     It affects your intelligence (-3).
   rC+:       It protects you from cold.
   rN+:       It protects you from negative energy.
   MP+9:      It affects your magic capacity (+9).
Scrolls
 b - a scroll of revelation {unknown}
 c - a scroll of silence {unknown}
 i - a scroll of noise {unknown}
 m - 2 scrolls of identify {unknown}
 o - a scroll of fog {unknown}
 p - a scroll of teleportation {unknown}
 q - a scroll of vulnerability {unknown}
Potions
 h - 3 potions of lignification
 n - a potion of mutation {unknown}
 r - a potion of curing {unknown}
 u - a potion of invisibility {unknown}
 v - a potion of attraction {unknown}


   Skills:
 * Level 3.8 Fighting
 * Level 4.1 Axes
 * Level 2.4 Armour
 * Level 2.3 Dodging
 * Level 1.2 Stealth
 * Level 0.9 Unarmed Combat


You had 4 spell levels left.
You didn't know any spells.
Your spell library contained the following spells:

 Spells                   Type           Power      Damage    Failure   Level
 Gell's Gravitas          Tloc           0%         N/A       85%         3
 Teleport Other           Tloc           0%         N/A       85%         3
 Dispersal                Tloc           0%         N/A       100%        6


Dungeon Overview and Level Annotations

Branches:
Dungeon (3/15)

Altars:
Wu Jian


Innate Abilities, Weirdness & Mutations

You are a tree.
Your roots penetrate the ground, keeping you stationary.
You cannot be teleported.
You are immune to unholy pain and torment.
Your maximum health is greatly increased.
Your equipment is partially melded.
You have a somewhat thin skeletal structure. (Dex +2, Stealth+)
A meltable icy envelope protects you from harm. (AC +0)
A meltable shield of frost defends you. (SH +0)


Message History

The liquid fire burns you!
The bombardier beetle sprays incendiary fluid at you.
The burning spray hits you.
You are even more covered in liquid fire!
You barely miss the bombardier beetle.
The bombardier beetle is severely wounded.
The liquid fire burns you!
You hit the bombardier beetle.
The bombardier beetle is severely wounded.
The liquid fire burns you!
* * * LOW HITPOINT WARNING * * *
The bombardier beetle closely misses you.
You slash the bombardier beetle!
You kill the bombardier beetle!
Trog accepts your kill. The liquid fire burns you!
* * * LOW HITPOINT WARNING * * *
Your Axes skill increases to level 4!
You shake off some of the fire as you move.
The liquid fire burns you!
* * * LOW HITPOINT WARNING * * *
You shake off some of the fire as you move.
You feel a strong urge to attack something.
The liquid fire burns you!
* * * LOW HITPOINT WARNING * * *
You shake off some of the fire as you move.
The liquid fire burns you!
* * * LOW HITPOINT WARNING * * *
You shake off some of the fire as you move.
You feel your anger nearly subside. The liquid fire burns you!
* * * LOW HITPOINT WARNING * * *
You are no longer berserk.
You are exhausted.
You feel yourself slow down.
You turn into a tree.
Your +0 helmet melds into your body.
Your +0 pair of boots melds into your body.
Your +0 ring mail melds into your body.
Your roots penetrate the ground.
The liquid fire burns you!
You die...

..##..####.#..#...#
..##.......#....).#
..##.###.###......####
..##..## ###..##.....#
..###..###.......###.#
..#
##..##.#.#.....#.###
..#
##.>..#.......#...#
..# ##.#############.#
### #.#......♣......#
#.#.############# #.#
#.. ###


There were no monsters in sight!

Vanquished Creatures
  A bombardier beetle (D:3)
  An orc priest (D:3)
  2 orc wizards (D:3)
  A dart slug (D:3)
  2 ribbon worms
  2 orcs (D:3)
  8 bats
  8 endoplasms
  6 giant cockroaches
  5 goblins
  5 hobgoblins
  7 kobolds
  6 quokkas
  8 ball pythons
  A frilled lizard (D:1)
  5 rats
68 creatures vanquished.

Notes
Turn   | Place    | Note
-------+----------+-------------------------------------------
     0 | D:1      | ezpacito the Demonspawn Berserker began the quest for the
                  | Orb.
     0 | D:1      | Reached XP level 1. HP: 18/18 MP: 1/1
   188 | D:1      | Gained mutation: You have a somewhat thin skeletal
                  | structure. (Dex +2, Stealth+) [demonic ancestry]
   188 | D:1      | Reached XP level 2. HP: 24/24 MP: 2/2
   589 | D:1      | Reached skill level 3 in Axes
   962 | D:1      | Gained mutation: A meltable shield of frost defends you.
                  | (SH +0) [demonic ancestry]
   962 | D:1      | Reached XP level 3. HP: 24/29 MP: 3/3
  1065 | D:1      | Reached ** piety under Trog
  1522 | D:2      | Reached skill level 1 in Stealth
  1586 | D:2      | Found an ornate altar of the Wu Jian Council.
  2077 | D:2      | Found a faded altar of an unknown god.
  2740 | D:3      | Reached XP level 4. HP: 35/35 MP: 4/4
  3028 | D:3      | Identified the ring of Cahulai {rC+ rN+ MP+9 Int-3}
  3150 | D:3      | Gained mutation: A meltable icy envelope protects you from
                  | harm. (AC +0) [demonic ancestry]
  3150 | D:3      | Reached XP level 5. HP: 12/41 MP: 5/5
  3159 | D:3      | Reached *** piety under Trog
  3305 | D:3      | Reached skill level 4 in Axes
  3309 | D:3      | Incinerated by a bombardier beetle

Illustrated notes

Levels and vault maps discovered:
D:1:      lightli_arrival_statue_moat, layout_basic
D:2:      minmay_skewed_foursquare, layout_basic, basic_altar,
          dreamdust_ecumenical_altar_hidden_monk_grotto, dk_vineyard_1,
          dk_noncrumbling_4
D:3:      layout_basic, minitemple

Skill      XL: |  1  2  3  4  5 |
---------------+----------------+-----
Axes           | 3 4 |  4.1
Dodging        | 2 |  2.3
Armour         | 2 |  2.4
Stealth        | 1 |  1.2
Fighting       | |  3.8
Unarmed Combat | |  0.9

Action                     |  1- 3 |  4- 6 || total
---------------------------+-------+-------++-------
  Melee: Hand axe          |   137 |    65 ||   202
         Punch             |     2 |     2 ||     4
 Invoke: Berserk           |     1 |     1 ||     2
    Use: Potion            |       |     4 ||     4
   Stab: Sleeping          |     4 |     2 ||     6
 Armour: Leather armour    |    74 |       ||    74
         Animal skin       |     5 |       ||     5
         Skin              |       |    47 ||    47
         Ring mail         |       |    34 ||    34
  Dodge: Dodged            |    73 |    22 ||    95
  Block: Other             |     6 |     6 ||    12
